 Dungeon Crawl Stone Soup version 0.24-a0-445-gd5110b030a (webtiles) character file.

Game seed: 10541151572592773736

4556 mortelune the Fighter (level 10, -6/96 HPs)
             Began as a Minotaur Fighter on June 22, 2019.
             Was a High Priest of Okawaru.
             Mangled by an orc warrior
             ... wielding a +0 dire flail
              (22 damage)
             ... on level 9 of the Dungeon.
             The game lasted 00:18:05 (9146 turns).

mortelune the Fighter (Minotaur Fighter)            Turns: 9146, Time: 00:18:06

Health: -6/96      AC:  8    Str: 23    XL:     10   Next: 18%
Magic:  9/9        EV: 10    Int:  5    God:    Okawaru [*****.]
Gold:   415        SH:  0    Dex: 11    Spells: 9/9 levels left

rFire    + . .     SeeInvis .   G - +3 battleaxe
rCold    x . .     Gourm    .   (shield currently unavailable)
rNeg     + . .     Faith    +   b - +0 scale mail
rPois    .         Spirit   .   (helmet restricted)
rElec    .         Reflect  .   (no cloak)
rCorr    .         Harm     .   (no gloves)
MR       .....                  (no boots)
Stlth    ..........             r - amulet of faith
HPRegen  0.26/turn              B - ring of fire
MPRegen  0.11/turn              u - ring of positive energy

@: no status effects
A: retaliatory headbutt, horns 2
a: Heroism, Finesse, Renounce Religion


You were on level 9 of the Dungeon.
You worshipped Okawaru.
Okawaru was extremely pleased with you.
You were near starving.

You visited 1 branch of the dungeon, and saw 9 of its levels.

You collected 415 gold pieces.

Inventory:

Hand Weapons
 a - a +0 war axe
 s - a +0 morningstar
 G - a +3 battleaxe (weapon)
 H - a +1 hunting sling of flaming
Missiles
 g - 7 boomerangs (quivered)
 I - 49 sling bullets
Armour
 b - a +0 scale mail (worn)
 c - a +0 shield
Jewellery
 r - an amulet of faith (around neck)
 u - a ring of positive energy (right hand)
 v - an uncursed ring of flight
 B - a ring of fire (left hand)
 L - a +2 ring of intelligence
 M - an uncursed ring of wizardry {unknown}
Wands
 x - a wand of enslavement (12)
 N - a wand of random effects (13)
Scrolls
 e - 2 scrolls of blinking
 l - 5 scrolls of teleportation
 p - a scroll of fear
 t - 2 scrolls of fog
 y - a scroll of magic mapping {unknown}
 A - a scroll of immolation {unknown}
 C - a scroll of amnesia {unknown}
 D - a scroll of enchant armour {unknown}
 E - 5 scrolls of remove curse
 F - 4 scrolls of identify
 K - a scroll of random uselessness {unknown}
 P - a scroll of enchant weapon {unknown}
Potions
 d - 2 potions of might
 h - a potion of flight {unknown}
 i - 2 potions of degeneration
 j - 3 potions of resistance {unknown}
 k - 2 potions of invisibility
 m - a potion of agility {unknown}
 n - 4 potions of curing
 o - 3 potions of mutation
 q - a potion of brilliance {unknown}
 w - a potion of cancellation {unknown}
 J - 2 potions of magic {unknown}
Comestibles
 f - 22 rations


   Skills:
 * Level 11.2 Fighting
 * Level 7.6(8.5) Axes
 - Level 5.5(7.4) Maces & Flails
 * Level 9.4 Armour
 - Level 7.4 Shields


You had 9 spell levels left.
You didn't know any spells.
Your spell library contained the following spells:

 Spells                   Type           Power        Failure   Level  Hunger
 Confusing Touch          Hex            #.....       75%         1    ##.....
 Confuse                  Hex            #.......     98%         3    ####...
 Gell's Gravitas          Tloc           #.........   98%         3    ####...
 Petrify                  Tmut/Erth      #.......     100%        4    #####..
 Metabolic Englaciation   Hex/Ice        #.........   100%        5    ######.
 Yara's Violent Unravell  Hex/Tmut       #.........   100%        5    ######.


Dungeon Overview and Level Annotations

Branches:
Dungeon (9/15)             Temple (0/1) D:5
   Lair: D:8-11         Orc: D:9-12

Altars:
Dithmenos
Gozag
Hepliaklqana
Kikubaaqudgha
Okawaru
Qazlal
Wu Jian

Shops:
D:9 :

Annotations:
D:6 3 runed translucent doors, gruber's ghost, novice OpCj


Innate Abilities, Weirdness & Mutations

You reflexively headbutt those who attack you in melee.
You have a pair of horns on your head.


Message History

The orc warrior hits you with a +0 dire flail!
The orc wizard hits you but does no damage.
You closely miss the orc warrior.
You headbutt the orc warrior, but do no damage.
The orc warrior is severely wounded.
You closely miss the orc wizard.
The orc warrior hits you with a +0 dire flail.
The orc wizard hits you but does no damage.
You closely miss the orc warrior. You headbutt the orc warrior.
The orc warrior is almost dead.
You slash the orc wizard!
You kill the orc wizard!
Okawaru accepts your kill. The orc warrior closely misses you.
The orc warrior hits you with a +0 dire flail!
* * * LOW HITPOINT WARNING * * *
You closely miss the orc warrior. Your headbutt misses the orc warrior.
The orc warrior is almost dead.
The orc warrior hits you with a +0 dire flail!!
You die...

...............##.....
.####.###.##.#.##.....
####.###.##.#.##.....
...............)####
##.#.#+#....###..)..
#........#......... ..
#........#......... ...
#)o).....#.........
...########.@......#........#
...................#........#
..................#........'
#......)........###.......
#....).)..........######## .
#......#######.... .. ..
#......# .... ....
...#####......# .. ......
..............+ ......


You could see an orc warrior.

Vanquished Creatures
  A centaur warrior (D:9)
  Joseph (D:7)
  An elephant (D:9)
  A yak (D:9)
  2 basilisks (D:9)
  Duvessa (D:5)
  A sky beast (D:6)
  An ice beast (D:6)
  2 orc warriors
  A hornet zombie (D:7)
  A phantom (D:9)
  2 ogres
  2 centaurs (D:5)
  A bullfrog (D:8)
  Dowan (D:5)
  A scorpion (D:9)
  8 wights
  3 howler monkeys
  2 jellies (D:9)
  2 crimson imps
  A quasit (D:9)
  2 orc priests
  13 orc wizards
  4 hounds
  A bullfrog skeleton (D:5)
  A centaur skeleton (D:7)
  8 worker ants
  A worker ant zombie (D:9)
  11 gnolls
  A howler monkey skeleton (D:5)
  6 adders
  A shadow imp (D:7)
  An ooze (D:1)
  2 adder skeletons
  2 worms
  A dart slug (D:1)
  3 leopard geckos
  29 orcs
  2 giant cockroaches
  14 goblins
  6 hobgoblins
  14 jackals
  5 kobolds
  5 quokkas
  A ball python (D:1)
  9 bats
  4 frilled lizards
  A leopard gecko skeleton (D:4)
  7 rats
191 creatures vanquished.

Vanquished Creatures (others)
  3 fungi (D:6)
  A plant (D:6)
4 creatures vanquished.

Grand Total: 195 creatures vanquished

Notes
Turn   | Place    | Note
-------+----------+-------------------------------------------
     0 | D:1      | mortelune the Minotaur Fighter began the quest for the Orb.
     0 | D:1      | Reached XP level 1. HP: 19/19 MP: 0/0
     1 | D:1      | Noticed a minotaur skeleton
   145 | D:1      | Reached XP level 2. HP: 27/27 MP: 1/1
   229 | D:1      | Reached skill level 4 in Fighting
   425 | D:1      | Reached XP level 3. HP: 29/33 MP: 2/2
   806 | D:1      | Reached XP level 4. HP: 21/41 MP: 3/3
  1359 | D:2      | You fall into a shaft and drop 1 floor!
  1657 | D:2      | Found an iron altar of Okawaru.
  1664 | D:2      | Found an opulent altar of Gozag.
  1686 | D:2      | Found an ornate altar of the Wu Jian Council.
  1720 | D:2      | Became a worshipper of Warmaster Okawaru
  2038 | D:3      | Reached XP level 5. HP: 44/47 MP: 4/4
  2070 | D:3      | Reached skill level 5 in Fighting
  2715 | D:4      | Reached XP level 6. HP: 52/56 MP: 5/5
  3122 | D:4      | Reached skill level 1 in Maces & Flails
  3222 | D:5      | Entered Level 5 of the Dungeon
  3229 | D:5      | Reached skill level 6 in Fighting
  3229 | D:5      | Reached skill level 5 in Armour
  3229 | D:5      | Reached skill level 5 in Shields
  3451 | D:5      | Found a hazy altar of Hepliaklqana.
  3543 | D:5      | Reached * piety under Okawaru
  3543 | D:5      | Reached XP level 7. HP: 55/64 MP: 6/6
  3930 | D:5      | Found a shadowy altar of Dithmenos.
  3997 | D:5      | Noticed Duvessa
  3997 | D:5      | Noticed Dowan
  4016 | D:5      | Killed Duvessa
  4016 | D:5      | Reached skill level 7 in Fighting
  4265 | D:5      | Killed Dowan
  4769 | D:5      | Found a staircase to the Ecumenical Temple.
  4900 | D:6      | Found a runed translucent gate.
  4900 | D:6      | Found a runed translucent gate.
  4900 | D:6      | Found a runed translucent gate.
  4900 | D:6      | Noticed a kobold demonologist
  5023 | D:6      | Reached XP level 8. HP: 71/74 MP: 7/7
  5076 | D:6      | Reached skill level 8 in Fighting
  5201 | D:6      | Reached ** piety under Okawaru
  5490 | D:6      | Identified the +9 whip of Watchfulness {chaos, rN+ Dex+2
                  | SInv}
  5492 | D:6      | Noticed gruber's ghost (novice OpCj)
  5796 | D:6      | Found an ancient bone altar of Kikubaaqudgha.
  5807 | D:6      | Found a stormy altar of Qazlal.
  5896 | D:7      | Reached skill level 9 in Fighting
  6120 | D:7      | Noticed Joseph
  6507 | D:7      | Reached skill level 5 in Maces & Flails
  6509 | D:7      | Reached *** piety under Okawaru
  6999 | D:7      | Reached XP level 9. HP: 51/84 MP: 8/8
  7100 | D:7      | Killed Joseph
  7666 | D:8      | Reached skill level 5 in Axes
  7674 | D:8      | Reached skill level 10 in Fighting
  8321 | D:9      | Reached **** piety under Okawaru
  8474 | D:9      | Noticed a centaur warrior
  8480 | D:9      | Killed a centaur warrior
  8860 | D:9      | Found Puhot's Book Emporium.
  8876 | D:9      | Reached skill level 11 in Fighting
  8876 | D:9      | Reached XP level 10. HP: 85/95 MP: 9/9
  8890 | D:9      | Noticed an elephant
  8900 | D:9      | Killed an elephant
  8900 | D:9      | Reached ***** piety under Okawaru
  9146 | D:9      | Mangled by an orc warrior

Levels and vault maps discovered:
D:1:      shiori_arrival_whats_in_store_for_you, layout_basic
D:2:      layout_basic, minmay_overflow_temple_star_quad, first_ration,
          minmay_pentomino_z2
D:3:      layout_basic, minmay_goblin_kobold_house
D:4:      layout_gridville, grunt_ministairs_13, kennysheep_minor_cross
D:5:      layout_basic, overflow_temple_1_default, kennysheep_little_box,
          minmay_temple_entry_poolview, uniq_duvessa
D:6:      layout_loops_ring, amethyst_overflow_temple_binary,
          gammafunk_ghost_nasty_kobolds
D:7:      layout_cave_pods, uniq_joseph
D:8:      layout_loops_ring, grunt_ogre_cave
D:9:      layout_irregular_city, david_lair_generic, serial_shops,
          kennysheep_mini, minmay_diced_spiral

Skill      XL: |  1  2  3  4  5  6  7  8  9 |
---------------+----------------------------+-----
Axes           | 3 4 7 |  7.6
Fighting       | 4 5 6 7 9 11 | 11.2
Armour         | 4 5 7 9 |  9.4
Shields        | 4 5 6 7 |  7.4
Maces & Flails | 2 3 5 |  5.5

Action                   |  1- 3 |  4- 6 |  7- 9 | 10-12 || total
-------------------------+-------+-------+-------+-------++-------
Melee: War axe           |    81 |   122 |       |       ||   203
       Headbutt          |     8 |    33 |    51 |     8 ||   100
       Morningstar       |       |    88 |   208 |       ||   296
       Battleaxe         |       |       |    92 |    30 ||   122
Throw: Boomerang         |     4 |     9 |     2 |       ||    15
Invok: Heroism           |       |       |     2 |       ||     2
  Use: Scroll            |       |     7 |     3 |       ||    10
       Potion            |       |       |     2 |       ||     2
  Eat: Chunk             |       |     9 |    13 |       ||    22
       Ration            |       |       |     1 |       ||     1
Armor: Scale mail        |    45 |    99 |   114 |    10 ||   268
Dodge: Dodged            |    29 |    67 |   118 |    16 ||   230
Block: Shield            |    55 |   114 |   108 |       ||   277

Table legend:
 A = Non-vault XP
 B = Vault XP
 C = Vault XP percentage of total XP
 D = Non-vault monster count
 E = Vault monster count
 F = Vault count percentage of total count
                 A         B        C        D         E       F
            +---------+---------+-------+---------+---------+-------
      Total |    4559 |    1950 |  30.0 |     173 |      18 |   9.4
            +---------+---------+-------+---------+---------+-------
        D:1 |      66 |       0 |   0.0 |      27 |       0 |   0.0
        D:2 |      93 |       2 |   2.1 |      20 |       1 |   4.8
        D:3 |     176 |      12 |   6.4 |      32 |       6 |  15.8
        D:4 |     175 |       0 |   0.0 |      10 |       0 |   0.0
        D:5 |     563 |     218 |  27.9 |      17 |       2 |  10.5
        D:6 |     981 |       0 |   0.0 |      28 |       0 |   0.0
        D:7 |     559 |     450 |  44.6 |      11 |       1 |   8.3
        D:8 |     448 |     118 |  20.8 |       9 |       1 |  10.0
        D:9 |    1498 |    1150 |  43.4 |      19 |       7 |  26.9
            +---------+---------+-------+---------+---------+-------
